 Dungeon Crawl Stone Soup version 0.17-a0-1583-g2df49ec (webtiles) character file.

1243 Jb9000 the Sneak (level 8, -1/48 HPs)
             Began as a Gargoyle Fighter on July 28, 2015.
             Was an Initiate of Qazlal.
             Engulfed by a cloud of freezing vapour (14 damage)
             ... on level 5 of the Dungeon.
             The game lasted 00:20:10 (5386 turns).

Jb9000 the Sneak (Gargoyle Fighter)                 Turns: 5386, Time: 00:20:10

Health: -1/48      AC: 19    Str: 24    XL:     8   Next: 50%
Magic:  12/12      EV:  7    Int:  9    God:    Qazlal [......]
Gold:   231        SH: 10    Dex: 12    Spells: 0 memorised, 13 levels left

rFire  . . .     SeeInvis .     B - +4 flail (holy)
rCold  . . .     Clarity  .     I - +1 chain mail of Awe {*Confuse rCorr Str+3 Dex+2}
rNeg   + . .     SustAt   .     c - +0 shield
rPois  ∞         Gourm    .     u - +1 helmet
rElec  +         Spirit   .     b - +0 cloak
rCorr  +         Warding  .     (no gloves)
rMut   .         Stasis   .     (no boots)
MR     .....                    (no amulet)
Stlth  ..........               (no ring)
                                (no ring)

@: not resistant to hostile enchantments, extremely unstealthy
A: negative energy resistance 1, electricity resistance, unbreathing,
petrification resistance, rot immunity, AC +5
a: Renounce Religion


You were on level 5 of the Dungeon.
You worshipped Qazlal.
Qazlal was noncommittal.
You were full.

You visited 1 branch of the dungeon, and saw 5 of its levels.

You collected 231 gold pieces.

Inventory:

Hand weapons
 z - a +2 dagger of venom
 B - a +4 flail of holy wrath (weapon)
 G - a +0 war axe
Missiles
 g - 10 tomahawks (quivered)
 i - 5 javelins
 p - 41 bolts
 t - 69 arrows
 y - 33 poisoned needles
 F - 2 needles of paralysis
Armour
 a - a +0 ring mail
 b - a +0 cloak (worn)
 c - a +0 shield (worn)
 u - a +1 helmet (worn)
 I - the +1 chain mail of Awe (worn) {*Confuse rCorr Str+3 Dex+2}
   (You found it on level 4 of the Dungeon)

   It affects your strength (+3).
   It affects your dexterity (+2).
   It protects you from acid and corrosion.
   It may confuse you when you take damage.
Scrolls
 f - a scroll of amnesia
 j - 10 scrolls of identify
 l - a scroll of magic mapping
 q - 2 scrolls of enchant weapon
 v - a scroll of remove curse
 w - a scroll of random uselessness {unknown}
 C - 3 scrolls of teleportation
Potions
 d - 3 potions of might
 h - 2 potions of agility {unknown}
 m - 2 potions of lignification {unknown}
 o - a potion of mutation {unknown}
 r - 3 potions of poison {unknown}
 s - 3 potions of curing {unknown}
 D - a potion of haste {unknown}
 H - a potion of brilliance {unknown}
Comestibles
 e - 5 bread rations
 k - a beef jerky
 x - 2 meat rations


   Skills:
 + Level 4.6 Fighting
 + Level 4.0 Maces & Flails
 + Level 2.6 Throwing
 + Level 4.9 Armour
 + Level 2.5 Dodging
 * Level 5.1 Stealth
 + Level 4.9 Shields
 + Level 3.1 Spellcasting


You had 13 spell levels left.
You didn't know any spells.

Dungeon Overview and Level Annotations

Branches:
Dungeon (5/15)
 Temple: D:4-7

Altars:
Ashenzari
Dithmenos
Elyvilon
Fedhas
Gozag
Kikubaaqudgha
Makhleb
Nemelex Xobeh
Okawaru
Qazlal
Sif Muna
Vehumet


Innate Abilities, Weirdness & Mutations

You are resistant to torment.
Your stone body is resilient (AC +5).
You are immune to poison.
You resist negative energy.
You are resistant to electric shocks.
You can survive without breathing.
You are immune to petrification.
You are immune to rotting.


Message History

You are engulfed in freezing vapours.
There is an open door here.
You start resting.
You are feeling hungry.
Eat which item? (? for menu, Esc to quit)
You can't eat that!
Eat which item? (? for menu, Esc to quit)
You continue eating. x2
You finish eating.
That meat ration really hit the spot!
You start resting.
HP restored.
You are engulfed in freezing vapours.
You are engulfed in freezing vapours.
You are engulfed in freezing vapours.
You are engulfed in freezing vapours.
You are engulfed in freezing vapours.
* * * LOW HITPOINT WARNING * * *
You start resting.
You are engulfed in freezing vapours.
You die...

≈≈≈≈P♣≈..≈≈♣♣♣.# #
≈≈≈≈≈≈...≈≈≈♣♣.# #
≈≈≈≈≈≈≈..≈≈P♣..# ♣≈≈≈P≈...≈P≈♣.##
#≈≈≈≈≈...≈≈♣..###################
#♣≈≈≈P≈...♣..####################
♣≈≈P≈≈.....####§§§§§§§§......$?%
♣P≈≈≈♣....## ##§################
#≈≈≈≈P##### ##@§§§§§§§.......§§
#♣P≈≈♣# ##################8 #≈≈P#
################### ##≈## # ### #
# # # #


There were no monsters in sight!

Vanquished Creatures
  2 ice beasts (D:5)
  3 centaurs (D:5)
  2 giant frogs (D:3)
  A crimson imp (D:5)
  A giant frog zombie (D:5)
  3 hounds
  A jelly (D:5)
  2 orc wizards (D:5)
  4 orc priests
  Ijyb (D:3)
  An iguana (D:5)
  Jessica (D:3)
  2 worker ants
  4 adders
  A gnoll (D:2)
  A shadow imp (D:5)
  2 oozes
  An adder skeleton (D:4)
  2 worms
  20 orcs
  5 giant cockroaches
  7 goblins
  13 hobgoblins
  A jackal (D:5)
  9 kobolds
  3 quokkas
  2 ball pythons
  9 bats
  4 giant geckos
  7 giant newts
  A quokka skeleton (D:5)
  8 rats
124 creatures vanquished.

Notes
Turn   | Place    | Note
--------------------------------------------------------------
     0 | D:1      | Jb9000 the Gargoyle Fighter began the quest for the Orb.
     0 | D:1      | Reached XP level 1. HP: 14/14 MP: 1/1
   213 | D:1      | Reached XP level 2. HP: 19/19 MP: 2/2
   494 | D:1      | You fall through a shaft!
   534 | D:2      | Reached skill level 1 in Stealth
   534 | D:2      | Reached XP level 3. HP: 21/23 MP: 3/3
   548 | D:2      | Found a shadowy altar of Dithmenos.
   673 | D:2      | Found a burning altar of Makhleb.
  1208 | D:2      | Found an iron altar of Okawaru.
  1221 | D:2      | Reached XP level 4. HP: 23/28 MP: 3/5
  1222 | D:2      | Reached skill level 1 in Throwing
  1350 | D:2      | Found a blossoming altar of Fedhas.
  1931 | D:3      | Found a sparkling altar of Nemelex Xobeh.
  1931 | D:3      | Noticed Jessica
  1931 | D:3      | Noticed Ijyb
  1941 | D:3      | Killed Jessica
  1951 | D:3      | Killed Ijyb
  1951 | D:3      | Reached skill level 1 in Spellcasting
  1951 | D:3      | Reached XP level 5. HP: 25/32 MP: 6/6
  2243 | D:3      | Reached skill level 1 in Dodging
  2373 | D:3      | Found an ancient bone altar of Kikubaaqudgha.
  2426 | D:3      | Reached XP level 6. HP: 27/38 MP: 6/8
  2648 | D:3      | Found a sparkling altar of Nemelex Xobeh.
  3026 | D:4      | Got a bloodstained chain mail
  3038 | D:4      | Identified the +1 chain mail of Awe {*Confuse rCorr Str+3 Dex+2} (You found it on level 4 of the Dungeon)
  3119 | D:4      | Found a white marble altar of Elyvilon.
  3140 | D:4      | Reached skill level 4 in Shields
  3235 | D:4      | Found a radiant altar of Vehumet.
  3307 | D:4      | Found a shattered altar of Ashenzari.
  3590 | D:4      | Reached XP level 7. HP: 26/43 MP: 9/9
  3968 | D:5      | Entered Level 5 of the Dungeon
  4357 | D:5      | Found a deep blue altar of Sif Muna.
  4365 | D:5      | Reached XP level 8. HP: 45/48 MP: 11/11
  4467 | D:5      | Found a stormy altar of Qazlal.
  4472 | D:5      | Became a worshipper of Qazlal Stormbringer
  4775 | D:5      | Found an opulent altar of Gozag.
  5142 | D:5      | Reached skill level 5 in Stealth
  5386 | D:5      | Engulfed by a cloud of freezing vapour

Vault maps used:
D:1:      dpeg_arrival_pond, serial_bayou_pond_b, hex_tiny
D:2:      nicolae_overflow_crystal_walls, okawaru_altar_gauntlet_db,
          lemuel_coloured_pillars_altar, hex_large, lemuel_statue_altar
D:3:      kiku_gazebo_garden_becter, overflow_temple_1_default, st_stairs_14,
          nemelex_spade_bored_becter, uniq_jessica, uniq_iyjb
D:4:      kennysheep_mini, kennysheep_mini_moat, nicolae_ashenzari_panopticon
D:5:      lemuel_ice_spiral_2, lemuel_crystal_altar, kennysheep_little_box,
          serial_bayou, serial_bayou_pond_e, serial_bayou_pond_b,
          serial_bayou_pond_e, serial_bayou_pond_e, serial_bayou_ford_a,
          first_bread, grunt_ministairs_14, nicolae_gozag_seed_capital

Action                   |  1- 3 |  4- 6 |  7- 9 || total
-------------------------+-------+-------+-------++-------
Melee: Flail             |    92 |   166 |   139 ||   397
  Use: Scroll            |     1 |    12 |     1 ||    14
  Eat: Chunk             |     1 |     3 |     4 ||     8
       Bread ration      |       |     1 |       ||     1
       Fruit             |       |       |     2 ||     2
       Meat ration       |       |       |     1 ||     1
